 Dungeon Crawl Stone Soup version 0.27.1-1-g398f81649c (webtiles) character file.

Game seed: 17550370217170703341

84 Squid the Conjurer (level 4, 0/24 HPs)
             Began as a Deep Elf Conjurer on Sept 14, 2021.
             Was an Initiate of Dithmenos.
             Slain by Natasha (7 damage)
             ... on level 2 of the Dungeon.
             The game lasted 00:13:09 (1470 turns).

Squid the Conjurer (Deep Elf Conjurer)              Turns: 1470, Time: 00:13:09

Health: 0/24       AC:  2    Str:  4    XL:     4   Next: 24%
Magic:  1/12       EV: 12    Int: 24    God:    Dithmenos [......]
Gold:   58         SH:  0    Dex: 13    Spells: 5/11 levels left

rFire    . . .     SeeInvis .   c - +2 hunting sling (freeze)
rCold    . . .     Faith    .   (no shield)
rNeg     . . .     Spirit   .   a - +0 robe
rPois    .         Reflect  .   (no helmet)
rElec    .         Harm     .   (no cloak)
rCorr    .         Rampage  .   (no gloves)
Will     .....                  (no boots)
Stlth    ++........             (no amulet)
HPRegen  0.08/turn              (no ring)
MPRegen  0.13/turn              (no ring)

@: slowed, very slow
A: no striking features
a: Renounce Religion


You were on level 2 of the Dungeon.
You worshipped Dithmenos.
Dithmenos was noncommittal.
You visited 1 branch of the dungeon, and saw 2 of its levels.

You collected 58 gold pieces.

Inventory:

Hand Weapons
 b - a +2 short sword of speed
 c - a +2 hunting sling of freezing (weapon)
Missiles
 d - a throwing net
 g - 60 arrows
Armour
 a - a +0 robe (worn)
Jewellery
 k - a ring of willpower
Scrolls
 e - a scroll of identify {unknown}
 j - a scroll of fog {unknown}
Potions
 f - a potion of heal wounds {unknown}
 h - a potion of brilliance {unknown}
 i - a potion of mutation {unknown}


   Skills:
 + Level 2.5 Dodging
 + Level 2.8 Stealth
 + Level 4.0 Spellcasting
 + Level 5.7 Conjurations


You had 5 spell levels left.
You knew the following spells:

 Your Spells              Type           Power      Damage    Failure   Level
a - Magic Dart            Conj           100%       1d8       1%          1
b - Searing Ray           Conj           64%        3d5       1%          2
c - Ozocubu's Armour      Ice            4%         N/A       28%         3

Your spell library contained the following spells:

 Spells                   Type           Power      Damage    Failure   Level
 Static Discharge         Conj/Air       18%        N/A       4%          2
 Dazzling Flash           Conj/Hex       36%        N/A       9%          3
 Fulminant Prism          Conj/Hex       9%         3d7       30%         4
 Iskenderun's Mystic Bla  Conj/Tloc      18%        2d6       30%         4
 Lightning Bolt           Conj/Air       9%         1d21      63%         5
 Ozocubu's Refrigeration  Ice            2%         4d5       100%        7
 Maxwell's Capacitive Co  Air            2%         ∞         100%        8


Dungeon Overview and Level Annotations

Branches:
Dungeon (2/15)

Altars:
Dithmenos

Shops:
D:1 ?

Annotations:
D:2 Natasha


Message History

Level annotation: Natasha Welcome back, Squid the Deep Elf Conjurer.
Dithmenos says: Spread the eternal night.
Press ? for a list of commands and other information.
Cast which spell? (? or * to list)
The spell is extremely dangerous to cast (28% risk of failure)!
Continue anyway?
A film of ice covers your body!
The magic dart hits the crimson imp but does no damage.
The magic dart hits the crimson imp.
The crimson imp is lightly wounded.
The searing ray hits the crimson imp!
The crimson imp is severely wounded. (Press . to maintain the ray.) Natasha stares at you and mumbles some strange words.
The magic dart hits you!
The searing ray hits the crimson imp!
You kill the crimson imp!
Natasha stares at you and mumbles some strange words.
You resist with some effort. Natasha casts a spell at you.
The magic dart hits you but does no damage.
You finish channeling your searing ray.
The magic dart hits Natasha.
Natasha is lightly wounded.
Natasha barely misses you.
The magic dart hits Natasha!
Natasha is heavily wounded.
Natasha barely misses you.
You are too depleted to draw on your mana recklessly!
Your icy armour will break if you move.
Continue?
Okay, then.
Natasha is nearby!
Your icy armour will break if you move.
Continue?
Your icy armour cracks and falls away as you move.
Natasha casts a spell at you.
You feel yourself slow down. Natasha barely misses you. Natasha claws you!
* * * LOW HITPOINT WARNING * * *
Natasha claws you!
You die...

#.....## #.....# #.....####
#........### ####### ######
#.....##...###.....##.....#
#.....####...............?.
....... ###...............
........####...............
................@h..?......
........####..............(
........# #.^.............
#...............
##..............
##.....##.....# #######
######


You could see Natasha.

Vanquished Creatures
  5 gnolls (D:2)
  An adder (D:2)
  2 endoplasms (D:1)
  4 hobgoblins (D:1)
  2 kobolds (D:1)
  2 quokkas (D:1)
  5 ball pythons
  6 bats (D:1)
  A goblin (D:1)
  A rat (D:2)
29 creatures vanquished.

Notes
Turn   | Place    | Note
-------+----------+-------------------------------------------
     0 | D:1      | Squid the Deep Elf Conjurer began the quest for the Orb.
     0 | D:1      | Reached XP level 1. HP: 10/10 MP: 6/6
   235 | D:1      | Reached XP level 2. HP: 15/15 MP: 5/8
   404 | D:1      | Found Teov's Magic Scroll Emporium.
   569 | D:1      | Learned a level 2 spell: Searing Ray
   583 | D:1      | Reached skill level 5 in Conjurations
  1076 | D:2      | Reached XP level 3. HP: 19/19 MP: 5/9
  1127 | D:2      | Found a shadowy altar of Dithmenos.
  1185 | D:2      | Learned a level 3 spell: Ozocubu's Armour
  1311 | D:2      | Reached XP level 4. HP: 24/24 MP: 5/11
  1397 | D:2      | Became a worshipper of Dithmenos the Shadowed
  1455 | D:2      | Noticed Natasha
  1470 | D:2      | Slain by Natasha

Illustrated notes

Levels and vault maps discovered:
D:1:      psy_arrival_terrarium, layout_loops_ring, serial_shops, shop,
          wad_floor_pattern_2, glass_columns_b, st_stairs_5,
          minmay_misc_feat_columns
D:2:      layout_rooms, basic_altar, shapermc_ecumenical_altar_totnotflames,
          uniq_natasha

Skill      XL: |  1  2  3  4 |
---------------+-------------+-----
Conjurations   | 5 |  5.7
Spellcasting   | 4 |  4.0
Dodging        | |  2.5
Stealth        | |  2.8

Action                   |  1- 3 |  4- 6 || total
-------------------------+-------+-------++-------
 Cast: Magic Dart        |    45 |     5 ||    50
       Searing Ray       |     5 |     2 ||     7
       Ozocubu's Armour  |       |     1 ||     1
  Use: Scroll            |     2 |       ||     2
Armor: Robe              |       |     1 ||     1
Dodge: Dodged            |     7 |     3 ||    10
